 Dungeon Crawl Stone Soup version 0.21-a0-401-g0b6bec4 (webtiles) character file.

529 kae the Digger (level 7, -5/36 HPs)
             Began as a Gargoyle Earth Elementalist on Oct 23, 2017.
             Slain by a gnoll (7 damage)
             ... on level 4 of the Dungeon.
             The game lasted 00:03:51 (4043 turns).

kae the Digger (Gargoyle Earth Elementalist)        Turns: 4043, Time: 00:03:52

Health: -5/36      AC:  7    Str: 11    XL:     7   Next: 23%
Magic:  1/13       EV: 17    Int: 18    God:
Gold:   192        SH:  0    Dex: 10    Spells: 11/15 levels left

rFire    . . .     SeeInvis .   n - +0 hand axe
rCold    . . .     Gourm    .   (no shield)
rNeg     + . .     Faith    .   c - +1 robe
rPois    ∞         Spirit   .   (no helmet)
rElec    +         Reflect  .   (no cloak)
rCorr    .         Harm     .   (no gloves)
MR       .....                  (no boots)
Stlth    +.........             (no amulet)
HPRegen  0.12/turn              i - +3 ring of evasion
MPRegen  0.13/turn              z - +2 ring of evasion

@: glowing
A: negative energy resistance 1, electricity resistance, unbreathing,
petrification resistance, rot immunity, AC +4
a: no special abilities


You were on level 4 of the Dungeon.
You were not hungry.

You visited 1 branch of the dungeon, and saw 4 of its levels.

You collected 192 gold pieces.

Inventory:

Hand Weapons
 n - a +0 hand axe (weapon)
Missiles
 b - 76 stones (quivered)
Armour
 c - a +1 robe (worn)
Jewellery
 i - a +3 ring of evasion (left hand)
 z - a +2 ring of evasion (right hand)
Scrolls
 f - a scroll of teleportation
 o - 2 scrolls of remove curse
 r - a scroll of immolation
Potions
 j - 3 potions of flight {unknown}
 m - a potion of magic {unknown}
 q - 2 potions of ambrosia
 t - a potion of might {unknown}
 w - 2 potions of invisibility
Books
 e - a book of Geomancy

   Spells                             Type                      Level
   a - Sandblast                      Earth                        1
   b - Passwall                       Transmutation/Earth          2
   c - Stone Arrow                    Conjuration/Earth            3
   d - Petrify                        Transmutation/Earth          4
   e - Lee's Rapid Deconstruction     Earth                        5
Comestibles
 d - 2 bread rations
 p - a meat ration
 s - 2 royal jellies
 v - 2 chunks of flesh


   Skills:
 - Level 1.5 Dodging
 - Level 2.1 Stealth
 + Level 4.5 Spellcasting
 + Level 4.0 Conjurations
   Level 0.7 Transmutations
 + Level 6.4 Earth Magic


You had 11 spell levels left.
You knew the following spells:

 Your Spells              Type           Power        Failure   Level  Hunger
a - Sandblast             Erth           ####..       1%          1    None
b - Stone Arrow           Conj/Erth      ###...       4%          3    ###....


Dungeon Overview and Level Annotations

Branches:
Dungeon (4/15)
 Temple: D:4-7

Altars:
Fedhas


Innate Abilities, Weirdness & Mutations

You are resistant to torment.
Your stone body is resilient. (AC +4)
You are immune to poison.
You resist negative energy. (rN+)
You are resistant to electric shocks. (rElec)
You can survive without breathing.
You are immune to petrification.
You are immune to rotting.


Message History

The gnoll hits you. The gnoll hits you but does no damage.
You closely miss the gnoll.
You feel less wooden.
Your +1 robe unmelds from your body.
The gnoll hits you but does no damage. The gnoll hits you!
You hit the gnoll.
The gnoll is heavily wounded.
The gnoll hits you. x2
* * * LOW HITPOINT WARNING * * *
You closely miss the gnoll.
The gnoll is heavily wounded.
The gnoll hits you.
* * * LOW HITPOINT WARNING * * *
The gnoll misses you.
You closely miss the gnoll.
The gnoll is heavily wounded.
The gnoll hits you.
* * * LOW HITPOINT WARNING * * *
The gnoll hits you!
You die...

....# ########### g.g.#
#.=.......# (g.g.# #.........#
.ggg.. #.........# #......
#.........##### .......
#.............####.......
#.........###.@ggg.......
#.........# #####..#...###
#.........#####....# ....
#.........##.....#####.#####
##..........................#
#.....##...##........##...#.#
#.....####....######.###....#
#.....# ##....######.# ##...#
#.....###..#......##.####...####


You could see 3 gnolls.

Vanquished Creatures
  The ghost of Yermak the Changer, an amateur DgTm (D:4)
  A scorpion (D:4)
  A jelly (D:3)
  A bullfrog skeleton (D:4)
  A gnoll shaman (D:4)
  A worker ant (D:4)
  An iguana (D:4)
  A hound skeleton (D:4)
  10 gnolls
  7 adders
  2 worms (D:2)
  A dart slug (D:1)
  4 leopard geckos
  4 bats
  5 giant cockroaches
  10 goblins
  7 hobgoblins
  9 jackals
  A quokka (D:4)
  8 frilled lizards
  5 kobolds
  4 rats
85 creatures vanquished.

Notes
Turn   | Place    | Note
-------+----------+-------------------------------------------
     0 | D:1      | kae the Gargoyle Earth Elementalist began the quest for the Orb.
     0 | D:1      | Reached XP level 1. HP: 10/10 MP: 3/3
   449 | D:1      | Reached skill level 4 in Earth Magic
   449 | D:1      | Reached XP level 2. HP: 15/15 MP: 3/5
   991 | D:1      | Reached XP level 3. HP: 11/19 MP: 0/6
  1123 | D:1      | Learned a level 3 spell: Stone Arrow
  1444 | D:2      | Reached skill level 1 in Conjurations
  1444 | D:2      | Reached XP level 4. HP: 24/24 MP: 1/8
  2444 | D:3      | Reached skill level 5 in Earth Magic
  2444 | D:3      | Reached XP level 5. HP: 28/28 MP: 5/10
  2489 | D:3      | Found a faded altar of an unknown god.
  3285 | D:4      | Noticed Yermak's ghost (amateur DgTm)
  3290 | D:4      | Killed Yermak's ghost
  3290 | D:4      | Reached XP level 6. HP: 32/32 MP: 5/11
  3429 | D:4      | Reached skill level 6 in Earth Magic
  3544 | D:4      | Found a blossoming altar of Fedhas.
  3918 | D:4      | Reached XP level 7. HP: 36/36 MP: 10/13
  4043 | D:4      | Slain by a gnoll

Vault maps used:
D:1:      minmay_arrival_plants_in_alcoves, minmay_tetromino_o4
D:3:      chequers_ecumenical_altar_twisty, st_stairs_5
D:4:      grunt_temple_overflow_holy_war, first_bread, fedhas_altar_1,
          uniq_sigmund

Skill      XL: |  1  2  3  4  5  6  7 |
---------------+----------------------+-----
Earth Magic    | 4 5 6 |  6.4
Spellcasting   | 3 4 |  4.5
Conjurations   | 1 2 3 4 |  4.0
Dodging        | |  1.5
Stealth        | |  2.1
Transmutations | |  0.7

Action                   |  1- 3 |  4- 6 |  7- 9 || total
-------------------------+-------+-------+-------++-------
Melee: Unarmed           |    26 |       |       ||    26
       Hand axe          |    15 |   167 |     4 ||   186
 Cast: Sandblast         |    25 |    39 |    20 ||    84
       Stone Arrow       |       |     7 |       ||     7
  Use: Scroll            |       |     1 |    11 ||    12
       Potion            |       |       |     1 ||     1
 Stab: Sleeping          |     1 |     3 |       ||     4
  Eat: Chunk             |     1 |    10 |       ||    11
Armor: Robe              |    32 |    84 |     1 ||   117
       Skin              |       |       |    12 ||    12
Dodge: Dodged            |    60 |   181 |     4 ||   245

Table legend:
 A = Spawn XP
 B = Non-spawn XP
 C = Spawn XP percentage of total XP
 D = Spawn monster count
 E = Non-spawn monster count
 F = Spawn count percentage of total count
 G = Total turns spent on level
                    A         B        C        D         E        F      G
               +---------+---------+-------+---------+---------+-------+---------
         Total |       0 |     756 |   0.0 |       0 |      85 |   0.0 |  4043
               +---------+---------+-------+---------+---------+-------+---------
           D:1 |       0 |      42 |   0.0 |       0 |      17 |   0.0 |  1375
           D:2 |       0 |     112 |   0.0 |       0 |      25 |   0.0 |  1063
           D:3 |       0 |     119 |   0.0 |       0 |      24 |   0.0 |   847
           D:4 |       0 |     483 |   0.0 |       0 |      19 |   0.0 |   758
               +---------+---------+-------+---------+---------+-------+---------
